 Dungeon Crawl Stone Soup version 0.30.0-19-g36f170ea60 (webtiles) character file.

Game seed: 17066378762035412899

1411 FishyPogo the Ruffian (level 8, -7/70 HPs)
             Began as a Troll Transmuter on May 30, 2023.
             Mangled by a yak (8 damage)
             ... on level 5 of the Dungeon.
             The game lasted 00:15:58 (3284 turns).

FishyPogo the Ruffian (Troll Transmuter)            Turns: 3284, Time: 00:15:59

Health: -7/70      AC:  5    Str: 19    XL:     8   Next: 43%
Magic:  10/10      EV: 10    Int: 11    God:
Gold:   296        SH:  0    Dex: 16    Spells: 5/11 levels left

rFire   . .          .
                       - Unarmed
rCold   + . .        (no shield)
rNeg    . . .        F - +1 robe {rC+}
rPois   .            (helmet currently unavailable)
rElec   .            p - scarf {shadows}
rCorr   .            (gloves unavailable)
SInv    .            (boots unavailable)
Will    .....        d - amulet of magic regeneration
Stlth   +            m - +6 ring of dexterity
HPRegen 1.11/turn    (no ring)
MPRegen 0.52/turn

%: no passive effects
@: appendages (expiring)
A: horns 2, talons 2, large, unfitting armour, claws 3, regeneration 1, shaggy
fur 1, tough skin 1
a: End Transformation


You were on level 5 of the Dungeon.
You had temporarily grown beastly horns and talons.
You visited 1 branch of the dungeon, and saw 5 of its levels.

You collected 296 gold pieces.

Inventory:

Missiles
 f - 46 stones
 s - 2 throwing nets
 z - 3 poisoned darts
Armour
 p - a scarf of shadows (worn)
 F - a +1 robe of cold resistance (worn)
Magical Staves
 i - a staff of cold
 x - a staff of earth
Jewellery
 d - an amulet of magic regeneration (around neck)
 m - a +6 ring of dexterity (left claw)
Wands
 A - a wand of quicksilver (12)
 C - a wand of mindburst (13)
Scrolls
 a - a scroll of brand weapon {unknown}
 g - a scroll of enchant weapon {unknown}
 h - 3 scrolls of enchant armour {unknown}
 k - 4 scrolls of identify {unknown}
 n - 2 scrolls of teleportation {unknown}
 q - a scroll of poison {unknown}
 r - a scroll of summoning {unknown}
 t - a scroll of noise {unknown}
 v - a scroll of fear {unknown}
 w - a scroll of silence {unknown}
 y - 2 scrolls of fog {unknown}
Potions
 b - 3 potions of lignification
 c - 2 potions of brilliance {unknown}
 j - a potion of degeneration {unknown}
 l - 2 potions of curing {unknown}
 o - 2 potions of heal wounds {unknown}
 u - a potion of mutation {unknown}
 B - a potion of haste {unknown}
 D - 2 potions of attraction {unknown}
 E - a potion of invisibility


   Skills:
 - Level 1.0 Fighting
 - Level 2.0 Dodging
 + Level 6.7 Unarmed Combat
 - Level 2.0 Spellcasting
 + Level 4.7 Transmutations
 * Level 2.1 Ice Magic
 - Level 3.0 Poison Magic


You had 5 spell levels left.
You knew the following spells:

 Your Spells              Type           Power      Damage    Failure   Level
a - Beastly Appendage     Tmut           22%        N/A       4%          1
b - Wereblood             Tmut           11%        N/A       6%          2
c - Spider Form           Tmut/Pois      9%         N/A       19%         3

Your spell library contained the following spells:

 Spells                   Type           Power      Damage    Failure   Level
 Freeze                   Ice            20%        1d4       12%         1
 Frozen Ramparts          Ice            10%        1d2       36%         3
 Hailstorm                Conj/Ice       3%         3d3       50%         3
 Ice Form                 Ice/Tmut       8%         N/A       58%         4


Dungeon Overview and Level Annotations

Branches:
Dungeon (5/15)
 Temple: D:4-7

Altars:
Fedhas
Zin


Innate Abilities, Weirdness & Mutations

You have temporarily grown beastly horns and talons.
You are too large for most types of armour.
You have claws for hands.
Your natural rate of healing is unusually fast.
You are covered in fur. (AC +1)
You have tough skin. (AC +1)


Message History

The yak misses you.
Unknown command.
You bite the yak!
You feel a bit better.
You kill the yak!
Your Ice Magic skill increases to level 2!
Your transformation is almost over.
You hiss as the wereblood boils in your veins!
Your primal bloodlust is almost over.
A yak is nearby!
The yak attacks as you move away! The yak closely misses you.
You hit the yak.
The yak is poisoned.
The yak is lightly wounded.
Your primal bloodlust has ended.
The yak gores you!
You hit the yak.
The yak looks as sick as possible!
The yak is lightly wounded.
Your transformation has ended.
Your scarf of shadows unmelds from your body.
Your +1 robe of cold resistance unmelds from your body.
It gets dark.
You feel resistant to cold. The yak gores you!
The yak attacks as you move away! The yak gores you!
The yak attacks as you move away! The yak closely misses you.
The yak attacks as you move away! The yak gores you.
The yak attacks as you move away! The yak gores you!
* * * LOW HITPOINT WARNING * * *
The yak attacks as you move away! The yak gores you!
* * * LOW HITPOINT WARNING * * *
Casting: Spider Form (dangerous; 19% risk of failure)
Confirm with . or Enter, or press ? or * to list all spells.
You grow a pair of large bovine horns.
Your feet morph into talons.
The yak gores you but does no damage.
You closely miss the yak. You claw the yak.
The yak is severely wounded.
The yak closely misses you. The yak attacks as you move away!
The yak misses you.
Your transformation is almost over.
The yak attacks as you move away! The yak gores you!
* * * LOW HITPOINT WARNING * * *
The yak attacks as you move away! The yak gores you!
You die...

#.# #.##.##.###.#..# # #.#
#......## ##...###.# #.#
#.##..## ##....#.#
#.#####.#.Y..## ##.......#
#####.Y.Y.Y.#..##.###.#>.#.####
.†..W.##.####.Y.#..#.##..#....#
########....#.......###)......#
####....YY..## ####....#
#..#..@### #.#.## #..##.##
#.#.# #...... #.#.# ......#
##.#.# ##.### #####....# #.
......#..# # ######...##
........## #.#####.#


You could see 4 yaks.

Vanquished Creatures
  Pikel (D:5)
  Grinder (D:4)
  2 yaks (D:5)
  A phantom (D:4)
  A howler monkey (D:4)
  2 jellies (D:5)
  A hound (D:3)
  2 iguanas (D:5)
  Terence (D:3)
  A sleepcap (D:5)
  3 gnolls (D:2)
  5 adders
  2 ufetubi
  3 worms
  3 dart slugs
  2 orcs
  7 endoplasms
  3 giant cockroaches
  7 goblins
  7 hobgoblins
  5 jackals
  5 quokkas
  9 ball pythons
  4 bats
  8 kobolds
  4 rats
90 creatures vanquished.

Notes
Turn   | Place    | Note
-------+----------+-------------------------------------------
     0 | D:1      | FishyPogo the Troll Transmuter began the quest for the Orb.
     0 | D:1      | Reached XP level 1. HP: 18/18 MP: 1/1
   130 | D:1      | Reached skill level 1 in Fighting
   146 | D:1      | Reached XP level 2. HP: 27/27 MP: 3/3
   159 | D:1      | Learned a level 2 spell: Wereblood
   445 | D:1      | Reached XP level 3. HP: 33/33 MP: 4/4
   884 | D:2      | Reached XP level 4. HP: 41/41 MP: 5/5
  1619 | D:3      | Found a blossoming altar of Fedhas.
  1801 | D:3      | Reached skill level 4 in Unarmed Combat
  1883 | D:3      | Reached XP level 5. HP: 48/48 MP: 7/7
  2072 | D:3      | Noticed Terence
  2081 | D:3      | Killed Terence
  2159 | D:4      | Noticed a phantom
  2165 | D:4      | Killed a phantom
  2166 | D:4      | Reached XP level 6. HP: 48/55 MP: 8/8
  2505 | D:4      | Noticed Grinder
  2506 | D:4      | Paralysed by Grinder for 5 turns
  2518 | D:4      | Killed Grinder
  2519 | D:4      | Reached skill level 5 in Unarmed Combat
  2519 | D:4      | Reached XP level 7. HP: 50/62 MP: 9/9
  2537 | D:4      | Learned a level 3 spell: Spider Form
  2783 | D:4      | Found a glowing silver altar of Zin.
  2858 | D:5      | Entered Level 5 of the Dungeon
  2976 | D:5      | Noticed Pikel
  2989 | D:5      | Killed Pikel
  2990 | D:5      | Reached skill level 6 in Unarmed Combat
  2990 | D:5      | Reached XP level 8. HP: 18/70 MP: 10/10
  3256 | D:5      | Reached skill level 1 in Ice Magic
  3284 | D:5      | HP: 1/70 [yak (15)]
  3284 | D:5      | Mangled by a yak

Illustrated notes

Levels and vault maps discovered:
D:1:      dpeg_arrival_brainrot, layout_basic, hangedman_glass_teeth,
          minivault_27
D:2:      layout_basic
D:3:      layout_basic, fedhas_altar_3, uniq_terence
D:4:      layout_cave_pools, kennysheep_mini_moat, hangedman_decor_points,
          grunt_decor_resistance, minmay_misc_feat_iff, grunt_ministairs_5,
          grunt_decor_one_mirror, hangedman_decor_push, uniq_grinder
D:5:      layout_loops_ring, grunt_decor_cap, uniq_pikel

Skill      XL: |  1  2  3  4  5  6  7  8 |
---------------+-------------------------+-----
Fighting       | 1 |  1.0
Dodging        | 2 |  2.0
Transmutations | 2 3 4 |  4.7
Spellcasting   | 2 |  2.0
Unarmed Combat | 4 5 6 |  6.7
Poison Magic   | 2 3 |  3.0
Ice Magic      | 2 |  2.1

Action                     |  1- 3 |  4- 6 |  7- 9 || total
---------------------------+-------+-------+-------++-------
  Melee: Unarmed           |    72 |    93 |    45 ||   210
         Kick              |     5 |    16 |    10 ||    31
         Headbutt          |     6 |    11 |     2 ||    19
         Punch             |     1 |     1 |     1 ||     3
   Cast: Beastly Appendage |    15 |    20 |     6 ||    41
         Wereblood         |     2 |       |     1 ||     3
         Spider Form       |       |       |     2 ||     2
   Stab: Sleeping          |       |     5 |       ||     5
 Armour: Robe              |    23 |    15 |     6 ||    44
  Dodge: Dodged            |    33 |    36 |    23 ||    92
